 Dungeon Crawl Stone Soup version 0.29-a0-416-g83a48905f1 (webtiles) character file.

Game seed: 11632452781270288834

721 HendSelp the Poker (level 8, -9/61 HPs)
             Began as a Human Monk on May 16, 2022.
             Mangled by an ogre
             ... wielding a +0 giant club
              (20 damage)
             ... on level 5 of the Dungeon on May 17, 2022.
             The game lasted 00:07:35 (5227 turns).

HendSelp the Poker (Human Monk)                     Turns: 5227, Time: 00:07:35

Health: -9/61      AC: 10    Str: 14    XL:     8   Next: 2%
Magic:  8/8        EV: 12    Int: 11    God:
Gold:   194        SH:  0    Dex: 15    Spells: 7/7 levels left

rFire   + . .      SeeInvis .   p - +0 trident
rCold   . . .      Faith    .   (no shield)
rNeg    + . .      Spirit   .   k - +1 ring mail {rF+}
rPois   +          Reflect  .   l - +0 helmet of Incorporation {rElec rN+}
rElec   +          Harm     .   (no cloak)
rCorr   +          Rampage  .   n - +0 pair of gloves
Will    .....                   f - +0 pair of boots
Stlth   +.........              (no amulet)
HPRegen 0.20/turn               d - ring of resist corrosion
MPRegen 0.11/turn               h - ring of poison resistance

@: hasted, very quick
A: no striking features
a: no special abilities


You were on level 5 of the Dungeon.
You visited 1 branch of the dungeon, and saw 5 of its levels.

You collected 194 gold pieces.

Inventory:

Hand Weapons
 a - a +0 halberd
 p - a +0 trident (weapon)
Armour
 f - a +0 pair of boots (worn)
 k - a +1 ring mail of fire resistance (worn)
 l - the +0 helmet of Incorporation (worn) {rElec rN+}
   (You took it off Robin on level 2 of the Dungeon)

   rElec:     It insulates you from electricity.
   rN:        It protects you from negative energy.
 n - a +0 pair of gloves (worn)
Jewellery
 d - a ring of resist corrosion (left hand)
 h - a ring of poison resistance (right hand)
Wands
 o - a wand of mindburst (6)
 r - a wand of polymorph (4)
Scrolls
 e - a scroll of teleportation
 g - 2 scrolls of fog
 s - 2 scrolls of identify
 t - a scroll of fear {unknown}
Potions
 c - a potion of ambrosia
 i - a potion of mutation
 j - a potion of magic


   Skills:
 + Level 4.5 Fighting
 + Level 6.2 Polearms
 + Level 3.1 Armour
 + Level 4.7 Dodging
 - Level 2.0 Stealth


You had 7 spell levels left.
You didn't know any spells.
Your spell library contained the following spells:

 Spells                   Type           Power      Damage    Failure   Level
 Magic Dart               Conj           0%         1d3       56%         1
 Sandblast                Erth           0%         2d4       56%         1
 Blink                    Tloc           0%         N/A       71%         2
 Call Imp                 Summ           0%         N/A       71%         2
 Passwall                 Tmut/Erth      0%         N/A       71%         2
 Lesser Beckoning         Tloc           0%         N/A       91%         3
 Mephitic Cloud           Conj/Pois/Air  0%         N/A       91%         3
 Stone Arrow              Conj/Erth      0%         3d7       91%         3
 Manifold Assault         Tloc           0%         N/A       100%        5


Dungeon Overview and Level Annotations

Branches:
Dungeon (5/15)
 Temple: D:4-7

Altars:
Uskayaw

Shops:
D:2 *   D:4 (

Annotations:
D:2 1 runed translucent door, Crazy Yiuf


Message History

You closely miss something. Something hits you but does no damage.
You hit something. Something hits you but does no damage.
You hear some strange, mumbled words.
A magic dart appears from out of thin air!
The magic dart hits you!
You miss something. Something hits you but does no damage.
You puncture something!
Reactivating autopickup.
You feel a bit more experienced.
You have reached level 8!
You feel stronger.
Throw: throwing net
Press: ? - help, Q - select action, (/) - cycle Shift-Dir - straight line, f - ogre
Aim: an ogre, wielding a +0 giant club (75% to hit)
You throw a throwing net. The throwing net hits the ogre.
The ogre is caught in the net!
The ogre struggles against the net.
You hit the ogre but do no damage.
The ogre struggles against the net.
You hit the ogre.
The ogre is lightly wounded.
The ogre struggles against the net.
You hit the ogre but do no damage.
The ogre is lightly wounded.
The ogre struggles against the net.
The net rips apart, and the ogre comes free!
Unknown command.
You barely miss the ogre.
The ogre is lightly wounded.
The ogre hits you with a +0 giant club!
Unknown command.
You hit the ogre.
The ogre is lightly wounded.
Unknown command.
You hit the ogre.
The ogre is moderately wounded.
The ogre hits you with a +0 giant club!
* * * LOW HITPOINT WARNING * * *
You feel yourself speed up.
The ogre hits you with a +0 giant club!!
You die...

.. #.. #.. ...
#.# #.# #####..
#.##.......
##.@On......
###...#.......
#......###....
#### #.#...## ...
...## #.##.## .
....########.####
##.<.........#
##.###########
##.#


You could see an ogre and a necrophage.

Vanquished Creatures
  An ogre (D:4)
  A scorpion (D:4)
  A hound (D:4)
  A jelly (D:4)
  An orc priest (D:5)
  A gnoll shaman (D:4)
  Ijyb (D:3)
  2 orc wizards (D:5)
  Natasha (D:2)
  2 iguanas (D:5)
  Terence (D:2)
  Robin (D:2)
  6 adders
  10 gnolls
  A white imp (D:3)
  An ufetubus (D:4)
  A worm (D:3)
  2 dart slugs (D:1)
  4 orcs
  4 endoplasms
  6 giant cockroaches
  15 goblins
  13 hobgoblins
  8 jackals
  5 kobolds
  3 quokkas
  4 ball pythons
  8 bats
  2 frilled lizards (D:1)
  5 rats
112 creatures vanquished.

Notes
Turn   | Place    | Note
-------+----------+-------------------------------------------
     0 | D:1      | HendSelp the Human Monk began the quest for the Orb.
     0 | D:1      | Reached XP level 1. HP: 18/18 MP: 1/1
   227 | D:1      | Reached XP level 2. HP: 15/24 MP: 2/2
   681 | D:1      | Reached XP level 3. HP: 22/29 MP: 3/3
  1369 | D:2      | Found Ufell's General Store.
  1438 | D:2      | Noticed Terence
  1463 | D:2      | Killed Terence
  1464 | D:2      | Reached XP level 4. HP: 10/37 MP: 4/4
  1597 | D:2      | Noticed Natasha
  1604 | D:2      | Killed Natasha
  1605 | D:2      | Reached skill level 4 in Polearms
  1647 | D:2      | Found a faded altar of an unknown god.
  1672 | D:2      | Reached XP level 5. HP: 38/42 MP: 5/5
  2034 | D:2      | Found a runed translucent door.
  2035 | D:2      | Noticed Crazy Yiuf
  2183 | D:3      | Identified the +0 helmet of Incorporation {rElec rN+}
  2183 | D:3      | Noticed Robin
  2306 | D:2      | Killed Robin
  2529 | D:3      | Reached skill level 1 in Armour
  2529 | D:3      | Reached XP level 6. HP: 34/48 MP: 6/6
  3091 | D:3      | Noticed Ijyb
  3104 | D:3      | Killed Ijyb
  3365 | D:4      | Found Veiptuf's Weapon Emporium.
  3402 | D:4      | Reached skill level 5 in Polearms
  3718 | D:3      | Reached XP level 7. HP: 54/54 MP: 7/7
  4192 | D:4      | Identified the +0 helmet of the Falcon {Int+3}
  4241 | D:4      | Noticed a +0 short sword
  4242 | D:4      | Noticed a +0 short sword
  4242 | D:4      | Noticed a +0 spear
  4242 | D:4      | Noticed a +0 dagger
  4242 | D:4      | Noticed a +0 dagger
  4243 | D:4      | Noticed a +0 falchion
  4244 | D:4      | Noticed a +0 falchion
  4249 | D:4      | Noticed a +0 spear
  4272 | D:4      | Found a hide-covered altar of Uskayaw.
  4353 | D:4      | Identified the +2 robe of Wuucwufo {-Tele Harm rN+}
  5106 | D:5      | Entered Level 5 of the Dungeon
  5178 | D:5      | Reached skill level 6 in Polearms
  5220 | D:5      | Reached XP level 8. HP: 34/61 MP: 8/8
  5227 | D:5      | Mangled by an ogre

Illustrated notes

Levels and vault maps discovered:
D:1:      nicolae_arrival_memento_mori, layout_loops_cross
D:2:      layout_loops_ring, shapermc_ecumenical_altar_notcrosses, serial_shops,
          nicolae_shop_behind_doors, uniq_crazy_yiuf_cottage, uniq_natasha,
          uniq_terence
D:3:      layout_loops_corners, uniq_ijyb, uniq_robin
D:4:      layout_basic, nicolae_uskayaw_en_pointe, serial_shops,
          nicolae_shop_bloodbath_and_beyond
D:5:      layout_loops_cross

Skill      XL: |  1  2  3  4  5  6  7 |
---------------+----------------------+-----
Polearms       | 4 5 6 |  6.2
Dodging        | 4 |  4.7
Fighting       | 4 |  4.5
Armour         | 1 3 |  3.1
Stealth        | |  2.0

Action                   |  1- 3 |  4- 6 |  7- 9 || total
-------------------------+-------+-------+-------++-------
Melee: Spear             |   123 |   134 |       ||   257
       Punch             |     2 |     3 |     2 ||     7
       Trident           |       |   122 |   159 ||   281
       Unarmed           |       |     3 |       ||     3
Throw: Throwing net      |       |       |     1 ||     1
  Use: Scroll            |     3 |     9 |       ||    12
       Potion            |     1 |       |     2 ||     3
 Stab: Sleeping          |     7 |     4 |       ||    11
       Distracted        |     1 |       |       ||     1
Armor: Robe              |    14 |       |       ||    14
       Ring mail         |       |    98 |    86 ||   184
Dodge: Dodged            |    50 |   155 |   101 ||   306

Table legend: (Time is in decaauts)
 A = Elapsed time spent in this place.
 B = Non-inter-level travel time spent in this place.
 C = Inter-level travel time spent in this place.
 D = Time resting spent in this place.
 E = Time spent auto-exploring this place.
 F = Levels seen in this place.
 G = Mean time per level.
                   A        B        C        D        E       F      G
               +--------+--------+--------+--------+--------+-----+--------+
         Total |   5229 |   5107 |    122 |    671 |   3444 |   5 | 1045.8 |
       Dungeon |   5229 |   5107 |    122 |    671 |   3444 |   5 | 1045.8 |
               +--------+--------+--------+--------+--------+-----+--------+

Top non-repeatable levels by time:
     D:3: 1502 daAuts
     D:4: 1289 daAuts
     D:1: 1192 daAuts
     D:2: 1125 daAuts
     D:5: 120 daAuts
